 Dungeon Crawl Stone Soup version 0.27-a0-860-gaf99fae3ca (webtiles) character file.

Game seed: 3533050935103205084

1616 rageheart7 the Fighter (level 9, 0/76 HPs)
             Began as a Formicid Abyssal Knight on Apr 1, 2021.
             Was a Priest of Lugonu.
             Succumbed to a gnoll's poison
             ... on level 6 of the Dungeon.
             The game lasted 00:07:29 (6037 turns).

rageheart7 the Fighter (Formicid Abyssal Knight)    Turns: 6037, Time: 00:07:30

Health: 0/76       AC: 13    Str: 20    XL:     9   Next: 17%
Magic:  9/9        EV: 10    Int: 10    God:    Lugonu [***...]
Gold:   293        SH:  0    Dex: 10    Spells: 8/8 levels left

rFire    + . .     SeeInvis +   j - +5 flail
rCold    . . .     Faith    .   (no shield)
rNeg     . . .     Spirit   .   h - +4 ring mail
rPois    .         Reflect  .   (helmet unavailable)
rElec    .         Harm     .   v - +0 cloak {Stlth+}
rCorr    .         Rampage  .   (no gloves)
Will     .....                  p - +0 pair of boots
Stlth    +.........             (no amulet)
HPRegen  0.22/turn              (no ring)
MPRegen  0.11/turn              (no ring)

@: brilliant, lethally poisoned (0 -> -13)
A: permanent stasis, dig shafts and tunnels, antennae 3, four strong arms,
iridescent scales 1, dopey 1, fire resistance 1, low mp 1
a: Dig, Shaft Self, Renounce Religion, Depart the Abyss, Bend Space, Banish


You were on level 6 of the Dungeon.
You worshipped Lugonu.
Lugonu was most pleased with you.
You visited 1 branch of the dungeon, and saw 6 of its levels.
You visited the Abyss 1 time.

You collected 293 gold pieces.

Inventory:

Hand Weapons
 j - a +5 flail (weapon)
 u - a +2 quarterstaff of chaos
Armour
 h - a +4 ring mail (worn)
 p - a +0 pair of boots (worn)
 v - a +0 cloak of stealth (worn)
Jewellery
 l - a ring of see invisible
Scrolls
 b - 2 scrolls of magic mapping {unknown}
 c - 2 scrolls of summoning {unknown}
 d - 6 scrolls of identify {unknown}
 e - 2 scrolls of immolation {unknown}
 g - 5 scrolls of teleportation {unknown}
 k - a scroll of blinking {unknown}
 m - 2 scrolls of noise {unknown}
 r - 2 scrolls of enchant armour {unknown}
 s - 2 scrolls of amnesia {unknown}
 t - a scroll of acquirement {unknown}
 x - a scroll of fear {unknown}


   Skills:
 * Level 9.1 Fighting
 * Level 8.0 Maces & Flails
 - Level 2.1 Armour
 - Level 0.8 Dodging
 - Level 2.1 Invocations


You had 8 spell levels left.
You didn't know any spells.
Your spell library contained the following spells:

 Spells                   Type           Power      Damage    Failure   Level
 Magic Dart               Conj           0%         1d3       54%         1
 Call Imp                 Summ           0%         N/A       67%         2
 Slow                     Hex            0%         N/A       67%         2
 Conjure Flame            Conj/Fire      0%         6-21      88%         3
 Mephitic Cloud           Conj/Pois/Air  0%         N/A       88%         3
 Summon Forest            Summ/Tloc      0%         N/A       100%        5
 Summon Mana Viper        Hex/Summ       0%         N/A       100%        5
 Shadow Creatures         Summ           N/A        N/A       100%        6
 Summon Hydra             Summ           0%         N/A       100%        7
 Blink                    Tloc           Unusable   N/A       N/A         2

Dungeon Overview and Level Annotations

Branches:
Dungeon (6/15)             Temple (0/1) D:6

Altars:
Hepliaklqana
Trog

Shops:
D:2 :

Annotations:
D:5 2 transporters, rageheart7's ghost, novice DEFE


Innate Abilities, Weirdness & Mutations

You cannot be hasted, slowed, berserked, paralysed or teleported.
You can dig through walls and to a lower floor.
You have a pair of large antennae on your head. (SInv)
Your four strong arms can wield two-handed weapons with a shield.
You are partially covered in iridescent scales. (AC +2)
You are dopey. (Int -2)
Your flesh is heat resistant. (rF+)
Your magical capacity is low. (-10% MP)


Message History

You feel very sick.
The gnoll hits you from afar with a +4 spear.
The gnoll hits you but does no damage.
You are more poisoned.
You swing at nothing.
You feel very sick.
The gnoll hits you but does no damage. x2
You swing at nothing.
Your transformation is almost over.
You feel very sick.
The gnoll hits you but does no damage. x2
You swing at nothing.
You feel very sick.
The gnoll hits you but does no damage. x2
You swing at nothing.
You feel sick.
The gnoll hits you but does no damage. x2
You swing at nothing.
You feel sick.
The gnoll hits you but does no damage. x2
You swing at nothing.
You feel sick. The gnoll hits you but does no damage.
The gnoll hits you from afar with a +1 halberd of venom.
* * * LOW HITPOINT WARNING * * *
You are more poisoned.
You swing at nothing.
You feel very sick.
The gnoll hits you but does no damage. x2
You swing at nothing.
You feel sick. The gnoll hits you but does no damage.
The gnoll hits you from afar with a +1 halberd of venom.
* * * LOW HITPOINT WARNING * * *
You swing at nothing.
You feel sick.
The gnoll hits you but does no damage. x2
You are lethally poisoned!
You sock the adder!
The adder is almost dead.
You feel less wooden.
Your +0 cloak of stealth unmelds from your body.
Your +0 pair of boots unmelds from your body.
Your +4 ring mail unmelds from your body.
You feel stealthy.
* * * LOW HITPOINT WARNING * * *
You feel very sick. The gnoll hits you but does no damage.
The gnoll completely misses you. The adder barely misses you.
You die...

###.#
#..##.......#######
..# #
#.....#............
#.#
#....##............
#.#
#.#..##............
#.# #
#.#................
..#.#
#.....##...........
###.#
####..##...........
....#
#.####S.##...........
...#
#...@.).###.########.
...# ######)## ...#
#gg# ...# ##o## ...#
#oo# ...# ##.# ...# {
#)# ...# #)# ...#
#.o.{g....


You could see a gnoll and an adder.

Vanquished Creatures
  Sigmund (D:4)
  A steam dragon (D:6)
  A water moccasin (D:6)
  A black bear (D:4)
  An ice beast (D:5)
  A necrophage (D:5)
  A phantom (D:5)
  A gnoll sergeant (D:6)
  2 scorpions (D:5)
  A water moccasin skeleton (D:5)
  A centaur zombie (D:5)
  A bullfrog zombie (D:5)
  2 hounds (D:5)
  3 orc priests
  Crazy Yiuf (D:4)
  A gnoll shaman (D:5)
  An iguana (D:5)
  Jessica (D:3)
  2 orc wizards (D:6)
  A howler monkey zombie (D:5)
  11 gnolls
  5 adders
  2 white imps (D:5)
  An ufetubus (D:6)
  An adder zombie (D:5)
  A worm (D:2)
  2 dart slugs
  15 orcs
  8 endoplasms
  A giant cockroach (D:1)
  5 goblins
  5 hobgoblins
  6 quokkas
  4 ball pythons
  4 bats
  4 frilled lizards
  5 kobolds
  9 rats
114 creatures vanquished.

Vanquished Creatures (others)
  2 gnolls (D:6)
2 creatures vanquished.

Grand Total: 116 creatures vanquished

Notes
Turn   | Place    | Note
-------+----------+-------------------------------------------
     0 | Abyss:1  | rageheart7 the Formicid Abyssal Knight began the quest for
                  | the Orb.
     0 | Abyss:1  | Reached XP level 1. HP: 18/18 MP: 2/2
    63 | Abyss:1  | Noticed a large abomination
    64 | D:1      | Escaped the Abyss
   259 | D:1      | Reached XP level 2. HP: 24/24 MP: 3/3
   266 | D:1      | Reached * piety under Lugonu
   666 | D:1      | Reached XP level 3. HP: 24/30 MP: 4/4
   926 | D:1      | Reached skill level 4 in Fighting
  1088 | D:2      | Found Sett's Book Emporium.
  1152 | D:2      | Reached XP level 4. HP: 34/37 MP: 5/5
  1305 | D:2      | Found a faded altar of an unknown god.
  1996 | D:3      | Reached XP level 5. HP: 43/43 MP: 6/6
  2282 | D:3      | Noticed Jessica
  2284 | D:3      | Found a hazy altar of Hepliaklqana.
  2284 | D:3      | Found a faded altar of an unknown god.
  2286 | D:3      | Killed Jessica
  2287 | D:3      | Reached skill level 5 in Fighting
  2494 | D:3      | Reached ** piety under Lugonu
  2909 | D:3      | Reached XP level 6. HP: 51/51 MP: 7/7
  3264 | D:4      | Noticed a black bear
  3417 | D:4      | Killed a black bear
  3554 | D:4      | Noticed Sigmund
  3575 | D:4      | Killed Sigmund
  3576 | D:4      | Reached skill level 6 in Fighting
  3576 | D:4      | Reached skill level 5 in Maces & Flails
  3576 | D:4      | Reached XP level 7. HP: 36/59 MP: 8/8
  3857 | D:4      | Found a bloodstained altar of Trog.
  3972 | D:4      | Found a runed translucent door.
  3973 | D:4      | Noticed Crazy Yiuf
  4138 | D:4      | Killed Crazy Yiuf
  4206 | D:5      | Entered Level 5 of the Dungeon
  4482 | D:5      | Reached skill level 7 in Fighting
  4690 | D:5      | Reached XP level 8. HP: 24/67 MP: 9/9
  5140 | D:5      | Found a transporter.
  5143 | D:5      | Found a transporter.
  5143 | D:5      | Noticed rageheart7's ghost (novice DEFE)
  5264 | D:5      | Reached skill level 8 in Fighting
  5584 | D:6      | Found a staircase to the Ecumenical Temple.
  5814 | D:6      | Reached XP level 9. HP: 69/75 MP: 10/10
  5992 | D:6      | Gained mutation: You are dopey. (Int -2) [potion of
                  | mutation]
  5992 | D:6      | Gained mutation: You are partially covered in iridescent
                  | scales. (AC +2) [potion of mutation]
  5992 | D:6      | Gained mutation: Your magical capacity is low. (-10% MP)
                  | [potion of mutation]
  5992 | D:6      | Gained mutation: Your flesh is heat resistant. (rF+)
                  | [potion of mutation]
  6014 | D:6      | Reached skill level 9 in Fighting
  6018 | D:6      | Reached *** piety under Lugonu
  6036 | D:6      | HP: 3/76 [poisoned by a gnoll]
  6037 | D:6      | Succumbed to a gnoll's poison

Illustrated notes

Levels and vault maps discovered:
D:1:      ncdulo_halloftheorcs, layout_rooms, minmay_small_reverse_x
D:2:      layout_loops_ring, serial_shops, nicolae_shop_stone,
          basic_ecumenical_altar, dk_noncrumbling_2
D:3:      layout_loops_corners, beargit_hepliaklqana_dungeon_heroes,
          grunt_decor_fettered
D:4:      layout_cave_pools, lemuel_coloured_pillars_altar, uniq_sigmund,
          uniq_crazy_yiuf_cottage
D:5:      layout_basic, gammafunk_ghost_smash, lemuel_old_faithful
D:6:      layout_basic, nicolae_tso_besieged_by_evil,
          minmay_temple_entry_statues_pillars

Skill      XL: |  1  2  3  4  5  6  7  8  9 |
---------------+----------------------------+-----
Fighting       | 4 5 6 7 8 9 |  9.1
Maces & Flails | 3 4 5 6 7 8 |  8.0
Armour         | |  2.1
Dodging        | |  0.8
Invocations    | |  2.1

Action                   |  1- 3 |  4- 6 |  7- 9 || total
-------------------------+-------+-------+-------++-------
Melee: Mace              |    52 |       |       ||    52
       Flail             |     9 |   100 |   192 ||   301
Invok: Depart the Abyss  |     1 |       |       ||     1
 Abil: Dig               |       |       |     2 ||     2
Evoke: Wand              |       |       |     5 ||     5
  Use: Potion            |       |     1 |     9 ||    10
 Stab: Sleeping          |       |       |     1 ||     1
Armor: Leather armour    |    11 |       |       ||    11
       Ring mail         |    12 |    35 |    87 ||   134
       Skin              |       |       |    50 ||    50
Dodge: Dodged            |    55 |    46 |    94 ||   195

Table legend: (Time is in decaauts)
 A = Elapsed time spent in this place.
 B = Non-inter-level travel time spent in this place.
 C = Inter-level travel time spent in this place.
 D = Time resting spent in this place.
 E = Time spent auto-exploring this place.
 F = Levels seen in this place.
 G = Mean time per level.
                   A        B        C        D        E       F      G
               +--------+--------+--------+--------+--------+-----+--------+
         Total |   6090 |   5859 |    231 |    320 |   4709 |   7 |  870.0 |
       Dungeon |   6026 |   5795 |    231 |    320 |   4646 |   6 | 1004.3 |
         Abyss |     64 |     64 |      0 |      0 |     63 |   1 |   64.0 |
               +--------+--------+--------+--------+--------+-----+--------+

Top non-repeatable levels by time:
     D:3: 1394 daAuts
     D:5: 1380 daAuts
     D:1: 1022 daAuts
     D:4: 895 daAuts
     D:2: 868 daAuts
     D:6: 465 daAuts
 Abyss:1: 64 daAuts
